 Dungeon Crawl Stone Soup version 0.23-a0-639-ga9a3373214 (webtiles) character file.

166 Napalmbreeze the Magician (level 5, 0/28 HPs)
             Began as a Deep Elf Fire Elementalist on Dec 29, 2018.
             Killed from afar by an orc wizard (3 damage)
             ... with a magic dart
             ... on level 4 of the Dungeon.
             The game lasted 00:08:21 (3186 turns).

Napalmbreeze the Magician (DEFE)                    Turns: 3186, Time: 00:08:21

Health: 0/28       AC:  3    Str:  5    XL:     5   Next: 22%
Magic:  6/13       EV: 13    Int: 21    God:
Gold:   141        SH:  0    Dex: 15    Spells: 6/12 levels left

rFire    . . .     SeeInvis .   j - +2 dagger (venom)
rCold    . . .     Gourm    .   (no shield)
rNeg     . . .     Faith    .   a - +0 robe
rPois    .         Spirit   .   (no helmet)
rElec    .         Reflect  .   i - +0 cloak
rCorr    .         Harm     .   (no gloves)
MR       .....                  (no boots)
Stlth    ++........             (no amulet)
HPRegen  0.09/turn              (no ring)
MPRegen  0.13/turn              (no ring)

@: hasted, very quick
A: no striking features
a: no special abilities


You were on level 4 of the Dungeon.
You were hungry.

You visited 1 branch of the dungeon, and saw 4 of its levels.

You collected 141 gold pieces.

Inventory:

Hand Weapons
 j - a +2 dagger of venom (weapon)
Armour
 a - a +0 robe (worn)
 d - a +0 buckler
 i - a +0 cloak (worn)
Wands
 r - a wand of iceblast (7)
 t - a wand of acid (8)
Scrolls
 b - 6 scrolls of identify {unknown}
 e - a scroll of enchant armour {unknown}
 h - 2 scrolls of teleportation {unknown}
 k - 3 scrolls of remove curse {unknown}
 l - a scroll of fear {unknown}
 n - 2 scrolls of enchant weapon {unknown}
 s - a scroll of fog {unknown}
 u - a scroll of blinking {unknown}
Potions
 g - a potion of haste
 m - 2 potions of curing {unknown}
 o - a potion of brilliance {unknown}
 p - a potion of agility {unknown}
 q - a potion of flight {unknown}
Comestibles
 c - 8 rations
 f - 2 chunks of flesh


   Skills:
 - Level 2.4 Dodging
 - Level 2.4 Stealth
 + Level 4.4 Spellcasting
 * Level 4.0 Conjurations
 + Level 4.3 Fire Magic
 + Level 0.3 Evocations


You had 6 spell levels left.
You knew the following spells:

 Your Spells              Type           Power        Failure   Level  Hunger
a - Flame Tongue          Conj/Fire      ###..        1%          1    None
d - Conjure Flame         Conj/Fire      ###.....     6%          3    ##.....
s - Throw Flame           Conj/Fire      ###...       3%          2    #......

Your spell library contained the following spells:

 Spells                   Type           Power        Failure   Level  Hunger
 Inner Flame              Hex/Fire       ##......     14%         3    ##.....
 Sticky Flame             Conj/Fire      ###.....     21%         4    ####...
 Fireball                 Conj/Fire      ###.......   50%         5    ######.


Dungeon Overview and Level Annotations

Branches:
Dungeon (4/15)
 Temple: D:4-7

Altars:
Okawaru
Ru
Sif Muna
The Shining One


Message History

Aim: an orc priest (almost dead)
The flame tongue hits the orc priest.
You kill the orc priest!
Your Conjurations skill increases to level 4!
The orc wizard points at you and mumbles some strange words.
The puff of frost hits you!
An orc comes into view. It is wielding a +0 whip.
You close the door.
Your magical contamination has completely faded away.
An orc wizard opens the door.
The orc wizard gestures at you while chanting.
The puff of frost hits you!
* * * LOW HITPOINT WARNING * * *
There is an open door here.
You close the door.
It was a potion of haste.
You feel yourself speed up.
An orc wizard opens the door.
The orc wizard gestures at you while chanting.
The magic dart hits you!
You die...

######....#.....# ..
#....#....#.....#
#....#....#.....#
#....#....#.....#
#....#....+.<...#
#....#....#.....#
#...##..######+##
#...##'####.....###.
#.......@#..........
#........'......>...
#........#o.........
#........#..........
#........#..........
#.....#####o####.##+
#######.....o..# #
#........#
#........#


You could see 2 orc wizards and an orc.

Vanquished Creatures
  An orc priest (D:4)
  Terence (D:3)
  A hound zombie (D:2)
  3 adders
  2 worms
  4 dart slugs
  A leopard gecko (D:1)
  3 orcs (D:3)
  7 bats
  3 giant cockroaches
  5 goblins
  7 hobgoblins
  7 kobolds
  2 ball pythons
  5 frilled lizards
  6 rats
58 creatures vanquished.

Notes
Turn   | Place    | Note
-------+----------+-------------------------------------------
     0 | D:1      | Napalmbreeze the Deep Elf Fire Elementalist began the quest
                  | for the Orb.
     0 | D:1      | Reached XP level 1. HP: 10/10 MP: 6/6
   272 | D:1      | Reached XP level 2. HP: 15/15 MP: 6/8
   280 | D:1      | Learned a level 2 spell: Throw Flame
  1113 | D:2      | Reached XP level 3. HP: 19/19 MP: 8/10
  1125 | D:2      | Learned a level 3 spell: Conjure Flame
  1640 | D:2      | Reached XP level 4. HP: 14/24 MP: 3/11
  2360 | D:3      | Noticed Terence
  2469 | D:3      | Killed Terence
  2574 | D:3      | Found an iron altar of Okawaru.
  2645 | D:3      | Found a sacrificial altar of Ru.
  2649 | D:3      | Found a deep blue altar of Sif Muna.
  2654 | D:3      | Found a glowing golden altar of the Shining One.
  2968 | D:3      | Reached XP level 5. HP: 28/28 MP: 10/13
  3186 | D:4      | Killed from afar by an orc wizard

Vault maps used:
D:1:      kennysheep_arrival_seaside, minmay_pentomino_v4
D:2:      serial_corexii_hall, chequers_hall_statues_y,
          chequers_hall_statues_corner_a, corexii_hall_statues_t,
          corexii_hall_statues_deadend, hangedman_decor_growths
D:3:      grunt_temple_overflow_open, hangedman_feature_mirror,
          okawaru_ov_weapons_minmay, uniq_terence
D:4:      serial_shops, shop, first_ration

Skill      XL: |  1  2  3  4  5 |
---------------+----------------+-----
Conjurations   | 2 3 4 |  4.0
Spellcasting   | 4 |  4.4
Fire Magic     | 4 |  4.3
Dodging        | |  2.4
Stealth        | |  2.4
Evocations     | |  0.3

Action                   |  1- 3 |  4- 6 || total
-------------------------+-------+-------++-------
Melee: Short sword       |     3 |       ||     3
       Dagger            |    21 |     4 ||    25
 Cast: Flame Tongue      |    39 |    32 ||    71
       Throw Flame       |    12 |    16 ||    28
       Conjure Flame     |     1 |     1 ||     2
  Use: Potion            |       |     1 ||     1
 Stab: Sleeping          |     1 |       ||     1
  Eat: Chunk             |     2 |     5 ||     7
Armor: Robe              |     9 |       ||     9
Dodge: Dodged            |    32 |     3 ||    35

Table legend:
 A = Non-vault XP
 B = Vault XP
 C = Vault XP percentage of total XP
 D = Non-vault monster count
 E = Vault monster count
 F = Vault count percentage of total count
                 A         B        C        D         E       F
            +---------+---------+-------+---------+---------+-------
      Total |     196 |      42 |  17.6 |      53 |       5 |   8.6
            +---------+---------+-------+---------+---------+-------
        D:1 |      37 |       3 |   7.5 |      20 |       2 |   9.1
        D:2 |      69 |       0 |   0.0 |      15 |       0 |   0.0
        D:3 |      49 |      39 |  44.3 |      17 |       3 |  15.0
        D:4 |      41 |       0 |   0.0 |       1 |       0 |   0.0
            +---------+---------+-------+---------+---------+-------
